 Dungeon Crawl Stone Soup version 0.18.1-47-g9310371 (webtiles) character file.

1866 matakusis the Summoner (level 8, -12/41 HPs)
             Began as a Deep Elf Summoner on June 23, 2016.
             Mangled by a titanic slime creature (53 damage)
             ... on level 7 of the Dungeon.
             The game lasted 00:51:43 (7084 turns).

matakusis the Summoner (Deep Elf Summoner)          Turns: 7084, Time: 00:51:44

Health: -12/41     AC: 10    Str:  5    XL:     8   Next: 90%
Magic:  2/23       EV: 14    Int: 21    God:
Gold:   121        SH:  0    Dex: 15    Spells: 5 memorised, 11 levels left

rFire  + . .     SeeInvis .     D - +3 quarterstaff (chaos)
rCold  x . .     Gourm    .     G - +0 leather armour of Jererghoq {rElec rC- rN++ Regen+}
rNeg   + + .     Faith    .     (shield currently unavailable)
rPois  +         Spirit   .     g - +0 helmet
rElec  +         Dismiss  .     o - +1 cloak
rCorr  .         Reflect  .     t - +0 pair of gloves
SustAt .         Harm     .     q - +2 pair of boots
MR     .....                    s - amulet of rage
Stlth  +.........               E - ring "Seaciom" {rPois rF+ Stlth-}
                                y - +2 ring of evasion

@: about to teleport, very slightly contaminated, not resistant to hostile
enchantments, very unstealthy
A: dopey 1, evolution 1
a: Evoke Berserk Rage


You were on level 7 of the Dungeon.
You were hungry.

You visited 2 branches of the dungeon, and saw 8 of its levels.
You also visited: Sewer.

You collected 335 gold pieces.
You spent 214 gold pieces at shops.

Inventory:

Hand Weapons
 n - a +2 spear of distortion
 D - a +3 quarterstaff of chaos (weapon)
Armour
 a - a +0 robe
 g - a +0 helmet (worn)
 o - a +1 cloak (worn)
 q - a +2 pair of boots (worn)
 t - a +0 pair of gloves (worn)
 G - the +0 leather armour of Jererghoq (worn) {rElec rC- rN++ Regen+}
   (You bought it in a shop on level 5 of the Dungeon)

   It makes you vulnerable to cold.
   It insulates you from electricity.
   It greatly protects you from negative energy.
   It increases your rate of regeneration.
 J - the +1 robe of Honicsac {MP+9}
   (You found it on level 5 of the Dungeon)

   It affects your magic capacity (+9).
Jewellery
 s - an amulet of rage (around neck)
 y - a +2 ring of evasion (left hand)
 E - the ring "Seaciom" (right hand) {rPois rF+ Stlth-}
   (You found it on level 5 of the Dungeon)

   [ring of loudness]

   It protects you from fire.
   It protects you from poison.
   It makes you less stealthy.
Wands
 C - a wand of digging (17/24)
 F - a wand of random effects (21/48)
 H - a wand of digging (8/24)
Scrolls
 v - a scroll of recharging
 w - a scroll of remove curse
 z - 3 scrolls of enchant armour
 M - a scroll of fog {unknown}
Potions
 d - a potion of haste
 e - 7 potions of curing
 i - 2 potions of flight
 j - a potion of beneficial mutation {unknown}
 k - a potion of cancellation
 l - 3 potions of might
 m - a potion of invisibility
 p - 4 potions of agility
 r - 4 potions of heal wounds
 B - a potion of berserk rage {unknown}
 I - a potion of cure mutation {unknown}
Books
 b - a book of Callings

   Spells                             Type                      Level
   a - Summon Small Mammal            Summoning                    1
   b - Call Imp                       Summoning                    2
   c - Call Canine Familiar           Summoning                    3
   d - Summon Guardian Golem          Hexes/Summoning              3
   e - Summon Lightning Spire         Summoning/Air                4
   f - Summon Ice Beast               Ice/Summoning                4
 h - a book of Clouds

   Spells                             Type                      Level
   a - Mephitic Cloud                 Conjuration/Poison/Air       3
   b - Conjure Flame                  Conjuration/Fire             3
   c - Poisonous Cloud                Conjuration/Poison/Air       6
   d - Freezing Cloud                 Conjuration/Ice/Air          6
   e - Ring of Flames                 Charms/Fire                  7
Comestibles
 c - 3 bread rations
 f - a slice of pizza
 u - 2 beef jerkies
 x - a royal jelly
 K - a chunk of flesh
 L - a meat ration


   Skills:
 + Level 1.8 Staves
 + Level 3.5 Dodging
 - Level 2.4 Stealth
 + Level 9.4 Spellcasting
 * Level 10.5 Summonings


You had 11 spell levels left.
You knew the following spells:

 Your Spells              Type           Power        Failure   Level  Hunger
a - Summon Small Mammal   Summ           ####         1%          1    None
b - Call Imp              Summ           ######..     1%          2    None
c - Summon Guardian Gole  Hex/Summ       ####....     4%          3    None
d - Summon Lightning Spi  Summ/Air       ####....     14%         4    ##.....
e - Summon Ice Beast      Ice/Summ       ####....     14%         4    ##.....


Dungeon Overview and Level Annotations

Branches:
Dungeon (7/15)             Temple (1/1) D:4

Altars:
Ashenzari
Dithmenos
Gozag
Kikubaaqudgha
Makhleb
Nemelex Xobeh
Okawaru
Pakellas
Ru
Trog
Vehumet
Yredelemnul
Zin
The Shining One

Shops:
D:4 [   D:5 [


Innate Abilities, Weirdness & Mutations

You are dopey. (Int -2)
You evolve.


Message History

Confirm with . or Enter, or press ? or * to list all spells.
Aiming: Summon Lightning Spire
Press: ? - help, Dir - move target cursor An electric hum fills the air.
Your lightning spire shoots out a bolt of lightning at the titanic slime creature!
The bolt of electricity hits the titanic slime creature.
Your lightning spire shoots out a bolt of lightning at the titanic slime creature!
The bolt of electricity hits the titanic slime creature.
Your lightning spire disappears in a puff of smoke!
You are feeling hungry.
Casting: Summon Lightning Spire
Confirm with . or Enter, or press ? or * to list all spells.
You miscast Summon Ice Beast.
You are very lightly contaminated with residual magic.
Frost spreads across the the floor.
The titanic slime creature misses you.
Read which item? (? for menu, Esc to quit)
As you read the scroll of teleportation, it crumbles to dust.
You feel strangely unstable. The titanic slime creature hits you!!!
Ouch! That really hurt!
You die...

.......#.##.#########.#J.#
.......#.##.# #.#..#
#...........# #.#..#
##.....#.#..# #######.#..######
##......#..# #................
##.#.#####..# #.####..#..######
#.....####..###.####..#.......#
..##........[......#..#.#####.#
#.###.####......@J......# #.#
#.####......>..#..### #[#
#[##......[.......# #. ..#
#(##.###.......#.## #. #.#
#.........<....#.# #. #.#
####.###.......#.# #.#. #(# #.#
#########.# #.#. #.# #.# #.#
#.#. ..######.# #<# #.#.


You could see a titanic slime creature.

Vanquished Creatures
  An ogre (D:4)
  A big kobold (Sewer)
  2 gnoll sergeants (D:5)
  A giant frog zombie (D:5)
  2 hounds
  2 iguanas
  An adder (Sewer)
  4 gnolls (D:5)
  2 river rats (Sewer)
  2 oozes
  An adder zombie (D:7)
  3 giant geckos
  3 orcs (D:4)
  2 bats
  A giant cockroach (D:3)
  A goblin (D:3)
  2 jackals
  8 kobolds
  3 quokkas
  2 giant newts (D:4)
  10 rats
54 creatures vanquished.

Vanquished Creatures (collateral kills)
  Pikel (D:7)
  A slime creature (D:7)
  Grinder (D:3)
  Menkaure (D:6)
  Duvessa (D:7)
  A porcupine (D:6)
  An ice beast (D:6)
  A slave (D:7)
  3 wolves (D:5)
  An ogre (D:7)
  2 centaurs
  A big kobold (Sewer)
  3 gnoll sergeants (D:5)
  Dowan (D:7)
  A scorpion (D:7)
  3 crimson imps
  A centaur zombie (D:6)
  A hound (D:7)
  A centaur skeleton (D:4)
  Crazy Yiuf (D:4)
  A gnoll shaman (D:5)
  A jelly (D:5)
  3 worker ants
  7 adders
  13 gnolls (D:5)
  A howler monkey skeleton (D:6)
  3 river rats (Sewer)
  5 worms
  3 dart slugs
  A giant gecko (D:3)
  10 orcs
  5 ball pythons
  7 giant cockroaches
  6 goblins
  4 hobgoblins
  4 jackals
  19 kobolds
  5 bats
  2 giant newts (Sewer)
  A jackal skeleton (D:7)
  15 rats
143 creatures vanquished.

Vanquished Creatures (others)
  2 slaves (D:7)
  A sky beast (D:6)
  A crimson imp (D:7)
  A hound (D:7)
  A lightning spire (D:7)
  An adder (D:7)
  3 bushes (D:7)
10 creatures vanquished.

Grand Total: 207 creatures vanquished

Notes
Turn   | Place    | Note
--------------------------------------------------------------
     0 | D:1      | matakusis the Deep Elf Summoner began the quest for the Orb.
     0 | D:1      | Reached XP level 1. HP: 10/10 MP: 6/6
   718 | D:1      | Reached XP level 2. HP: 15/15 MP: 8/8
   722 | D:1      | Learned a level 2 spell: Call Imp
  1085 | D:2      | Reached skill level 5 in Summonings
  1270 | D:2      | Reached XP level 3. HP: 19/19 MP: 7/10
  1275 | D:2      | Learned a level 3 spell: Summon Guardian Golem
  1782 | D:3      | Found a glowing drain.
  1814 | Sewer    | Entered a sewer
  1841 | Sewer    | Reached XP level 4. HP: 23/24 MP: 6/12
  1885 | Sewer    | Reached skill level 6 in Summonings
  1951 | Sewer    | Learned a level 4 spell: Summon Lightning Spire
  2047 | Sewer    | Noticed a big kobold
  2060 | Sewer    | Killed a big kobold
  2060 | Sewer    | Reached XP level 5. HP: 28/28 MP: 5/14
  2117 | Sewer    | Reached skill level 5 in Spellcasting
  2558 | D:3      | Noticed Grinder
  2565 | D:3      | Killed Grinder
  2565 | D:3      | Reached XP level 6. HP: 32/32 MP: 1/17
  2863 | D:2      | Found a sparkling altar of Nemelex Xobeh.
  3165 | D:4      | Reached skill level 7 in Summonings
  3181 | D:4      | Found a staircase to the Ecumenical Temple.
  3190 | Temple   | Entered the Ecumenical Temple
  3472 | D:4      | Learned a level 4 spell: Summon Ice Beast
  3476 | D:4      | Found Xienar's Armour Shoppe.
  3775 | D:4      | Noticed Crazy Yiuf
  3789 | D:4      | Killed Crazy Yiuf
  4024 | D:5      | Entered Level 5 of the Dungeon
  4054 | D:5      | Reached XP level 7. HP: 27/36 MP: 1/19
  4187 | D:5      | Reached skill level 8 in Summonings
  4358 | D:5      | Got a fine granite ring
  4359 | D:5      | Identified the ring "Seaciom" {rPois rF+ Stlth-} (You found it on level 5 of the Dungeon)
  4980 | D:5      | Found Veclonump's Armour Shoppe.
  4989 | D:5      | Reached XP level 8. HP: 26/41 MP: 13/21
  5002 | D:5      | Bought the cursed +0 leather armour of Jererghoq {rElec rC- rN++ Regen+} for 214 gold pieces
  5087 | D:5      | Got a crude robe
  5099 | D:5      | Identified the +1 robe of Honicsac {MP+9} (You found it on level 5 of the Dungeon)
  5417 | D:6      | Found a glowing golden altar of the Shining One.
  5450 | D:6      | Reached skill level 9 in Summonings
  5485 | D:6      | Gained mutation: You evolve. [potion of mutation]
  5485 | D:6      | Gained mutation: You are dopey. (Int -2) [potion of mutation]
  5612 | D:6      | Noticed Menkaure
  5615 | D:6      | Killed Menkaure
  5615 | D:6      | Reached skill level 1 in Staves
  6535 | D:7      | Noticed Pikel
  6540 | D:7      | Killed Pikel
  6540 | D:7      | Reached skill level 10 in Summonings
  6720 | D:7      | Found an oddly glowing altar of Pakellas.
  6721 | D:7      | Noticed a cyan very ugly thing
  6859 | D:7      | Noticed Dowan
  6860 | D:7      | Noticed Duvessa
  6870 | D:7      | Killed Duvessa
  6889 | D:7      | Killed Dowan
  6943 | D:7      | Noticed a slime creature
  6943 | D:7      | Noticed a slime creature
  6943 | D:7      | Noticed a slime creature
  6943 | D:7      | Noticed a slime creature
  6943 | D:7      | Noticed a slime creature
  6945 | D:7      | Noticed a slime creature
  6992 | D:7      | Killed a slime creature
  7084 | D:7      | Mangled by a titanic slime creature

Skill      XL: |  1  2  3  4  5  6  7  8 |
---------------+-------------------------+-----
Summonings     | 5 6 7 8 10 | 10.5
Spellcasting   | 4 6 7 9 |  9.4
Dodging        | 3 |  3.5
Staves         | 1 |  1.8
Stealth        | |  2.4

Action                   |  1- 3 |  4- 6 |  7- 9 || total
-------------------------+-------+-------+-------++-------
Melee: Unarmed           |     5 |       |       ||     5
       Dagger            |     6 |       |       ||     6
       Spear             |    19 |    66 |       ||    85
       Quarterstaff      |       |     6 |    71 ||    77
 Cast: Summon Small Mamm |    12 |       |       ||    12
       Call Imp          |    25 |    19 |     1 ||    45
       Summon Lightning  |       |    11 |    26 ||    37
       Summon Guardian G |       |     1 |       ||     1
       Summon Ice Beast  |       |     7 |    34 ||    41
  Use: Scroll            |     7 |     8 |     6 ||    21
       Potion            |       |       |     1 ||     1
 Stab: Distracted        |     1 |     1 |       ||     2
       Sleeping          |     2 |     1 |       ||     3
  Eat: Chunk             |     3 |    10 |    14 ||    27
Armor: Robe              |    12 |    11 |    14 ||    37
       Leather armour    |       |       |    12 ||    12
Dodge: Dodged            |    31 |    51 |    78 ||   160
